 Dungeon Crawl Stone Soup version 0.26.1-10-gdfb7c7de75 (webtiles) character file.

Game seed: 2904825855955290070

564 oldmanjim the Ruffian (level 7, -1/60 HPs)
             Began as a Pale Draconian Transmuter on Apr 7, 2021.
             Was a Follower of Okawaru.
             Slain by Duvessa
             ... wielding a cursed -3 short sword
              (7 damage)
             ... on level 3 of the Dungeon.
             The game lasted 00:42:00 (5631 turns).

oldmanjim the Ruffian (Pale Draconian Transmuter)   Turns: 5631, Time: 00:42:01

Health: -1/60      AC:  6    Str: 12    XL:     7   Next: 10%
Magic:  6/10       EV: 15    Int: 16    God:    Okawaru [*.....]
Gold:   179        SH:  0    Dex: 11    Spells: 6/10 levels left

rFire    . . .     SeeInvis .     - Unarmed
rCold    . . .     Faith    .   (no shield)
rNeg     . . .     Spirit   .   (armour unavailable)
rPois    .         Reflect  .   (helmet currently unavailable)
rElec    .         Harm     .   (no cloak)
rCorr    .         Rampage  .   (no gloves)
Will     .....                  (boots currently unavailable)
Stlth    +++.......             (no amulet)
HPRegen  0.20/turn              (no ring)
MPRegen  0.12/turn              (no ring)

@: appendages (expiring), heroism
A: breathe steam, unfitting armour, horns 2, talons 2, cold-blooded, AC +6
a: Breathe Steam, End Transformation, Renounce Religion, Heroism


You were on level 3 of the Dungeon.
You worshipped Okawaru.
Okawaru was aware of your devotion.
You had grown temporary horns.
You had grown temporary talons.
You visited 1 branch of the dungeon, and saw 4 of its levels.

You collected 179 gold pieces.

Inventory:

Hand Weapons
 b - a +0 hunting sling
 i - a +3 dagger
 x - the +5 falchion "Esesenk" {freeze, Will++ Stlth-}
   (You found it on level 4 of the Dungeon)

   It has been specially enchanted to freeze those struck by it, causing extra
   injury to most foes and up to half again as much damage against particularly
   susceptible opponents.
   It can also slow down cold-blooded creatures.
   It affects your willpower, your defense against some magical effects.
   It makes you less stealthy.
Missiles
 a - 16 sling bullets
 c - 65 stones
 t - 6 boomerangs (quivered)
Wands
 r - a wand of flame (21)
 v - a wand of paralysis (4)
Scrolls
 g - a scroll of enchant armour {unknown}
 h - 2 scrolls of remove curse
 j - a scroll of fear {unknown}
 m - a scroll of identify {unknown}
 o - a scroll of teleportation {unknown}
 q - a scroll of enchant weapon {unknown}
 s - a scroll of fog {unknown}
 u - a scroll of amnesia
Potions
 d - a potion of haste {unknown}
 e - a potion of curing {unknown}
 f - a potion of lignification {unknown}
 k - a potion of mutation {unknown}
 n - 2 potions of brilliance {unknown}
 p - a potion of resistance {unknown}
 w - a potion of magic {unknown}
 z - a potion of flight {unknown}


   Skills:
 + Level 4.7(9.7) Fighting
 - Level 1.7(6.7) Dodging
 - Level 5.0(10.0) Unarmed Combat
 - Level 2.0 Spellcasting
 + Level 4.3 Transmutations
 - Level 2.0 Poison Magic
 + Level 1.0 Invocations


You had 6 spell levels left.
You knew the following spells:

 Your Spells              Type           Power        Failure   Level
a - Beastly Appendage     Tmut           30%          3%          1
b - Spider Form           Tmut/Pois      5%           17%         3

Your spell library contained the following spells:

 Spells                   Type           Power        Failure   Level
 Wereblood                Tmut           15%          5%          2
 Confusing Touch          Hex            1%           52%         3
 Gell's Gravitas          Tloc           0%           52%         3
 Ice Form                 Ice/Tmut       8%           63%         4
 Petrify                  Tmut/Erth      8%           63%         4
 Blade Hands              Tmut           7%           67%         5
 Yara's Violent Unravell  Hex/Tmut       4%           93%         5
 Metabolic Englaciation   Hex/Ice        0%           99%         5


Dungeon Overview and Level Annotations

Branches:
Dungeon (4/15)
 Temple: D:4-7

Altars:
Okawaru
Vehumet

Annotations:
D:3 Duvessa


Innate Abilities, Weirdness & Mutations

You can breathe blasts of scalding, opaque steam.
Your pale cyan-grey scales are hard. (AC +6)
You cannot fit into any form of body armour.
You are cold-blooded and may be slowed by cold attacks.
You have a pair of horns on your head.
You have razor-sharp toenails.


Message History

Duvessa is heavily wounded.
Duvessa barely misses you.
You completely miss Duvessa.
Duvessa is heavily wounded.
Duvessa hits you with a cursed -3 short sword!
You hit Duvessa but do no damage. You headbutt Duvessa, but do no damage.
Duvessa is heavily wounded.
You feel like a meek peon again.
Duvessa hits you with a cursed -3 short sword!
* * * LOW HITPOINT WARNING * * *
Your transformation is almost over.
Duvessa barely misses you. Duvessa closely misses you.
Duvessa rages.
Duvessa barely misses you.
Duvessa hits you with a cursed -3 short sword.
* * * LOW HITPOINT WARNING * * *
You gain the combat prowess of a mighty hero.
Duvessa hits you with a cursed -3 short sword!
You die...

#.......###...).
#.......# #####.
##########.### #.
##.....##.....### ##
##.........(.....# #
#................### #
#.........>.)......###
#[...............#....
#....@e..........##...
#...................##
#..................###
##..............#.## #
##...<.##........# #
#############..## #
####...## #
#....#..###
#....##..##


You could see Duvessa (berserk).

Vanquished Creatures
  Sigmund (D:3)
  Dowan (D:3)
  Jessica (D:2)
  Ijyb (D:3)
  Natasha (thrice) (D:2 D:1)
  2 orc wizards (D:3)
  5 adders
  4 gnolls
  2 oozes
  3 dart slugs
  A leopard gecko (D:4)
  10 orcs (D:3)
  2 ball pythons
  14 bats
  3 giant cockroaches
  9 goblins
  5 hobgoblins
  4 jackals (D:1)
  A quokka (D:3)
  2 frilled lizards
  4 kobolds
  8 rats
86 creatures vanquished.

Vanquished Creatures (others)
  4 withered plants (D:4)
4 creatures vanquished.

Grand Total: 90 creatures vanquished

Notes
Turn   | Place    | Note
-------+----------+-------------------------------------------
     0 | D:1      | oldmanjim the Draconian Transmuter began the quest for the
                  | Orb.
     0 | D:1      | Reached XP level 1. HP: 16/16 MP: 3/3
    26 | D:1      | Found an iron altar of Okawaru.
    38 | D:1      | Became a worshipper of Warmaster Okawaru
   275 | D:1      | Reached XP level 2. HP: 23/23 MP: 3/5
   728 | D:1      | Reached XP level 3. HP: 24/29 MP: 4/6
  1170 | D:2      | Noticed Jessica
  1340 | D:2      | Noticed Natasha
  1347 | D:2      | Killed Natasha
  1348 | D:2      | Reached skill level 4 in Unarmed Combat
  1546 | D:2      | Reached XP level 4. HP: 32/36 MP: 5/7
  1743 | D:1      | Reached * piety under Okawaru
  2410 | D:2      | Learned a level 3 spell: Spider Form
  2425 | D:2      | Noticed Natasha
  2604 | D:1      | Killed Natasha
  2605 | D:1      | Reached XP level 5. HP: 35/44 MP: 6/8
  2773 | D:1      | Found an iron altar of Okawaru.
  3007 | D:1      | Noticed Natasha
  3017 | D:1      | Killed Natasha
  3398 | D:2      | Found a radiant altar of Vehumet.
  3637 | D:2      | Killed Jessica
  3638 | D:2      | Reached skill level 1 in Poison Magic
  3934 | D:2      | Found a radiant altar of Vehumet.
  4026 | D:3      | Reached skill level 5 in Unarmed Combat
  4103 | D:3      | Noticed Ijyb
  4139 | D:3      | Killed Ijyb
  4140 | D:3      | Reached XP level 6. HP: 32/51 MP: 7/9
  4613 | D:3      | Noticed Sigmund
  4710 | D:3      | Killed Sigmund
  5019 | D:4      | Your scales start taking on a pale cyan-grey colour.
  5019 | D:4      | Reached XP level 7. HP: 60/60 MP: 8/10
  5159 | D:4      | Got a twisted falchion
  5168 | D:4      | Identified the +5 falchion "Esesenk" {freeze, Will++
                  | Stlth-} (You found it on level 4 of the Dungeon)
  5194 | D:4      | Noticed Duvessa
  5194 | D:4      | Noticed Dowan
  5612 | D:3      | Killed Dowan
  5613 | D:3      | Reached skill level 1 in Invocations
  5631 | D:3      | Slain by Duvessa

Illustrated notes

Levels and vault maps discovered:
D:1:      amcnicky_arrival_flooded_fountain, layout_loops_cross,
          chequers_serial_rivers_micro_d, minmay_misc_feat_cross,
          okawaru_ov_weapons_minmay
D:2:      layout_basic, lemuel_coloured_pillars_altar, uniq_natasha,
          uniq_jessica
D:3:      layout_rooms, uniq_sigmund, uniq_ijyb
D:4:      layout_basic, yredelemnul_altar_generic, uniq_duvessa

Skill      XL: |  1  2  3  4  5  6  7 |
---------------+----------------------+-----
Fighting       | 2 3 4 |  4.7
Unarmed Combat | 4 5 |  5.0
Transmutations | 3 4 |  4.3
Poison Magic   | 1 2 |  2.0
Invocations    | 1 |  1.0
Dodging        | |  1.7
Spellcasting   | |  2.0

Action                   |  1- 3 |  4- 6 |  7- 9 || total
-------------------------+-------+-------+-------++-------
Melee: Unarmed           |   105 |   140 |    32 ||   277
       Kick              |    15 |    32 |    12 ||    59
       Headbutt          |    16 |    20 |     8 ||    44
       Tailslap          |     5 |    13 |     4 ||    22
       Punch             |       |     5 |       ||     5
 Fire: Hunting sling     |       |    91 |     7 ||    98
Throw: Stone             |    15 |       |       ||    15
       Throwing net      |       |       |     2 ||     2
 Cast: Beastly Appendage |    19 |    21 |     2 ||    42
Invok: Heroism           |       |       |     2 ||     2
Evoke: Wand              |       |       |     3 ||     3
  Use: Scroll            |       |     2 |       ||     2
Armor: Skin              |    57 |    45 |     6 ||   108
Dodge: Dodged            |   106 |   150 |    31 ||   287
